 Dungeon Sprint DCSS version 0.30-a0-279-g4b46babb21 (webtiles) character file.

Game seed: 14937734555886600831

702 rocky1 the Martial Artist (level 7, -2/46 HPs)
             Began as an Octopode Transmuter on Oct 17, 2022.
             Was an Initiate of Gozag.
             Slain by a human (8 damage)
             ... in the Dungeon (Sprint III: "The Ten Rune Challenge").
             The game lasted 00:04:03 (1069 turns).

rocky1 the Martial Artist (Octopode Transmuter)     Turns: 1069, Time: 00:04:04

Health: -2/46      AC:  2    Str:  9    XL:     7   Next: 66%
Magic:  14/16      EV: 22    Int: 17    God:    Gozag
Gold:   271        SH:  0    Dex: 18    Spells: 10/18 levels left

rFire   . . .      SeeInvis .      - Unarmed
rCold   . . .      Faith    .    (shield currently unavailable)
rNeg    . . .      Spirit   .    (helmet currently unavailable)
rPois   x          Reflect  .    (no amulet)
rElec   .          Harm     .    (no ring)
rCorr   .          Rampage  .    (no ring)
Will    .....      NoTele   +    (no ring)
Stlth   +++.......               (no ring)
HPRegen 0.27/turn                (no ring)
MPRegen 0.15/turn                (no ring)
                                 (no ring)
                                 (no ring)

@: spider-form, gold aura
A: venomous fangs, almost no armour, (amphibious), 8 rings, tiny, (camouflage
1), (gelatinous body 1), (nimble swimmer 1), (tentacles), (tentacle spike 1),
(iridescent scales 1)
a: End Transformation, Renounce Religion, Potion Petition, Call Merchant, Bribe
Branch


You were in the Dungeon.
You worshipped Gozag.
Gozag was aware of your devotion.
You were a venomous arachnid creature.
You visited 1 branch You collected 271 gold pieces.

Inventory:

Scrolls
 c - a scroll of poison {unknown}
 g - a scroll of blinking
 h - 2 scrolls of identify {unknown}
 j - a scroll of immolation {unknown}
Potions
 a - 2 potions of lignification
 b - a potion of curing
 d - a potion of haste
 e - 2 potions of magic
 i - 2 potions of flight
 k - 2 potions of mutation
Miscellaneous
 f - a box of beasts


   Skills:
 + Level 3.0 Fighting
 + Level 4.9 Dodging
 + Level 5.1 Stealth
 + Level 10.1 Unarmed Combat
 + Level 6.0 Spellcasting
 + Level 6.2 Transmutations
 * Level 4.8 Ice Magic
 * Level 6.1 Poison Magic


You had 10 spell levels left.
You knew the following spells:

 Your Spells              Type           Power      Damage    Failure   Level
a - Beastly Appendage     Tmut           52%        N/A       5%          1
b - Spider Form           Tmut/Pois      26%        N/A       11%         3
c - Ice Form              Ice/Tmut       24%        N/A       30%         4

Your spell library contained the following spells:

 Spells                   Type           Power      Damage    Failure   Level
 Sting                    Tmut/Pois      100%       1d8       5%          1
 Wereblood                Tmut           26%        N/A       7%          2
 Poisonous Vapours        Pois/Air       30%        N/A       16%         2
 Olgreb's Toxic Radiance  Pois           25%        N/A       26%         4
 Summon Small Mammal      Summ           20%        N/A       30%         1
 Call Canine Familiar     Summ           5%         N/A       58%         3
 Summon Guardian Golem    Hex/Summ       5%         N/A       58%         3


Dungeon Overview and Level Annotations

Branches:
Dungeon (1/1)

Altars:
Cheibriados
Dithmenos
Fedhas
Gozag
Hepliaklqana
Kikubaaqudgha
Makhleb
Nemelex Xobeh
Okawaru
Qazlal
Ru
Sif Muna
Trog
Uskayaw
Vehumet
Wu Jian
Xom
Yredelemnul
Jiyva
Lugonu


Innate Abilities, Weirdness & Mutations

You are a venomous arachnid creature.
You have poisonous fangs.
You are tiny and dextrous.
Your spellcasting is less reliable in this form.
Your armour is entirely melded.
You are incapable of wielding weapons or throwing items.
You cannot wear most types of armour.
((You are amphibious.))
You can wear up to eight rings at the same time.
((Your skin changes colour to match your surroundings (Stealth+).))
((Your rubbery body absorbs attacks. (AC +1, EV +1)))
((You are camouflaged when in or above water. (Stealth+)))
((You have tentacles for arms and can constrict up to eight enemies at once.))
((One of your tentacles bears a spike.))
((You are partially covered in iridescent scales. (AC +2)))


Message History

You barely miss the human.
The human is moderately wounded.
The human drinks a potion.
The human seems to grow stronger.
The human drinks a potion.
The human goes berserk!
You hit the human.
The human looks as sick as possible!
The human is heavily wounded.
The human closely misses you. The human completely misses you.
You barely miss the human.
The human is severely wounded.
The human closely misses you.
You bite the human!
You kill the human!
The human hits you but does no damage. The human hits you!
Your Fighting skill increases to level 3!
Your Stealth skill increases to level 5!
Your Unarmed Combat skill increases to level 10!
Your Spellcasting skill increases to level 6!
Your Poison Magic skill increases to level 6!
You bite the human!
The human is moderately wounded.
The human hits you!
You barely miss the human.
The human is moderately wounded.
The human misses you.
You hit the human.
The human is poisoned.
The human is moderately wounded.
The human misses you.
You barely miss the human.
The human is moderately wounded.
The human hits you!
* * * LOW HITPOINT WARNING * * *
You bite the human!
The human looks as sick as possible!
The human is severely wounded.
The human barely misses you. The human hits you.
* * * LOW HITPOINT WARNING * * *
The human attacks as you move away! The human barely misses you.
There is an open door here.
The human attacks as you move away! The human hits you!
You die...
Your body crumbles into a pile of gold.

▓▓ ▓▓▓ .#### ##.# ######## $
$$ $ $ ....#####..# #___#__#
$ $ $ .†...#..#..# #_p)#._#$
##...#..#..###+#s###)##$$ $
###..##'#..#..........#$ $
.##..###...'.⌠........#$$$$$$
$
##..####...#...######'#$$$$$
$ $ ##..###....#.⌠.#__#...#
#†..##.....#...#__#...#
....#......#'###__#...#
..##.#.....#)).#__#...+
..#####....#___#__'...#


You could see a human (berserk, extremely poisoned).

Vanquished Creatures
  A shadow (D)
  A spatial vortex (D)
  A water elemental (D)
  A necrophage (D)
  A scorpion (D)
  A jelly (D)
  A wizard (D)
  A necromancer (D)
  2 humans (D)
  A kobold demonologist (D)
  4 rats (D)
15 creatures vanquished.

Notes
Turn   | Place    | Note
-------+----------+-------------------------------------------
     0 | D        | rocky1 the Octopode Transmuter began the quest for the Orb.
     0 | D        | Reached XP level 1. HP: 13/13 MP: 3/3
    76 | D        | Noticed a scorpion
    94 | D        | Reached skill level 4 in Unarmed Combat
    94 | D        | Reached XP level 2. HP: 7/18 MP: 3/5
   251 | D        | Killed a scorpion
   252 | D        | Reached skill level 1 in Stealth
   252 | D        | Reached skill level 6 in Unarmed Combat
   252 | D        | Reached XP level 3. HP: 11/23 MP: 5/8
   252 | D        | Reached XP level 4. HP: 13/28 MP: 5/9
   350 | D        | Gained mutation: You are somewhat resistant to further
                  | mutation. [potion of mutation]
   350 | D        | Gained mutation: Potions are less effective at restoring
                  | your health. [potion of mutation]
   351 | D        | Lost mutation: You are somewhat resistant to further
                  | mutation. [potion of mutation]
   351 | D        | Lost mutation: Potions are less effective at restoring your
                  | health. [potion of mutation]
   351 | D        | Gained mutation: You are dopey. (Int -2) [potion of
                  | mutation]
   351 | D        | Gained mutation: You are agile. (Dex +4, Str/Int -1)
                  | [potion of mutation]
   352 | D        | Lost mutation: You are agile. (Dex +4, Str/Int -1) [potion
                  | of mutation]
   352 | D        | Lost mutation: You are dopey. (Int -2) [potion of mutation]
   352 | D        | Gained mutation: You are partially covered in iridescent
                  | scales. (AC +2) [potion of mutation]
   352 | D        | Gained mutation: One of your tentacles bears a spike.
                  | [potion of mutation]
   456 | D        | Noticed a water elemental
   461 | D        | Killed a water elemental
   462 | D        | Reached skill level 7 in Unarmed Combat
   462 | D        | Reached XP level 5. HP: 34/34 MP: 9/11
   608 | D        | Learned a level 3 spell: Spider Form
   613 | D        | Learned a level 4 spell: Ice Form
   832 | D        | Found a radiant altar of Vehumet.
   832 | D        | Found a shimmering blue altar of Sif Muna.
   832 | D        | Found an ancient bone altar of Kikubaaqudgha.
   836 | D        | Reached skill level 1 in Ice Magic
   836 | D        | Reached skill level 1 in Poison Magic
   891 | D        | Noticed a shadow
   902 | D        | Killed a shadow
   903 | D        | Reached skill level 8 in Unarmed Combat
   903 | D        | Reached skill level 5 in Spellcasting
   903 | D        | Reached skill level 5 in Transmutations
   903 | D        | Reached XP level 6. HP: 20/39 MP: 11/13
   984 | D        | Reached skill level 9 in Unarmed Combat
   993 | D        | Found a blossoming altar of Fedhas.
   993 | D        | Found a stormy altar of Qazlal.
   993 | D        | Found a snail-covered altar of Cheibriados.
   993 | D        | Found a burning altar of Makhleb.
   993 | D        | Found a shimmering altar of Xom.
   994 | D        | Found a hazy altar of Hepliaklqana.
   994 | D        | Found an opulent altar of Gozag.
   994 | D        | Found a sparkling altar of Nemelex Xobeh.
   994 | D        | Found a corrupted altar of Lugonu.
   994 | D        | Found a viscous altar of Jiyva.
   994 | D        | Noticed a spatial vortex
  1000 | D        | Became a worshipper of Gozag Ym Sagoz the Greedy
  1008 | D        | Killed a spatial vortex
  1009 | D        | Reached skill level 5 in Poison Magic
  1009 | D        | Reached XP level 7. HP: 45/45 MP: 15/15
  1034 | D        | Found a basalt altar of Yredelemnul.
  1034 | D        | Found a shadowy altar of Dithmenos.
  1034 | D        | Found a sacrificial altar of Ru.
  1054 | D        | Found a hide-covered altar of Uskayaw.
  1054 | D        | Found an iron altar of Okawaru.
  1054 | D        | Found a bloodstained altar of Trog.
  1054 | D        | Found an ornate altar of the Wu Jian Council.
  1054 | D        | Noticed a human
  1055 | D        | Noticed a human
  1062 | D        | Killed a human
  1063 | D        | Reached skill level 5 in Stealth
  1063 | D        | Reached skill level 10 in Unarmed Combat
  1069 | D        | Slain by a human

Illustrated notes

Levels and vault maps discovered:
D:        dungeon_sprint_mu [sprint_mu_entry_cave, sprint_mu_temple_rooms,
          sprint_mu_d1_horrors, sprint_mu_d2_genie, sprint_mu_d3_branching,
          sprint_mu_orc_legion, sprint_mu_elf_gauntlet, sprint_mu_hive_nellie,
          sprint_mu_lair_fedhas, sprint_mu_vaults_butterflies,
          sprint_mu_slime_circle, sprint_mu_shoals_archi,
          sprint_mu_snake_twists, sprint_mu_blade_basic,
          sprint_mu_crypt_fortress, sprint_mu_tomb_spiral,
          sprint_mu_vestibule_basic, sprint_mu_gehenna_hellfire,
          sprint_mu_dis_giant, sprint_mu_tartarus_statrot,
          sprint_mu_cocytus_islands, sprint_mu_zot1]

Skill      XL: |  1  2  3  4  5  6  7 |
---------------+----------------------+-----
Unarmed Combat | 4 6 7 8 9 10 | 10.1
Dodging        | 3 4 |  4.9
Stealth        | 1 3 4 5 |  5.1
Spellcasting   | 3 4 5 6 |  6.0
Transmutations | 3 4 5 6 |  6.2
Ice Magic      | 3 4 |  4.8
Poison Magic   | 4 5 6 |  6.1
Fighting       | 2 3 |  3.0

Action                   |  1- 3 |  4- 6 |  7- 9 || total
-------------------------+-------+-------+-------++-------
Melee: Unarmed           |    23 |    27 |    17 ||    67
       Kick              |    10 |     7 |     1 ||    18
       Tentacles         |     6 |     5 |       ||    11
       Constrict         |     4 |       |     2 ||     6
       Punch             |       |     1 |       ||     1
 Cast: Beastly Appendage |     5 |       |       ||     5
       Ice Form          |       |     1 |       ||     1
       Spider Form       |       |       |     1 ||     1
  Use: Potion            |     1 |     4 |       ||     5
 Stab: Sleeping          |     1 |     3 |     1 ||     5
Armor: Skin              |     2 |     4 |     2 ||     8
Dodge: Dodged            |     9 |     5 |    10 ||    24

Table legend: (Time is in decaauts)
 A = Elapsed time spent in this place.
 B = Non-inter-level travel time spent in this place.
 C = Inter-level travel time spent in this place.
 D = Time resting spent in this place.
 E = Time spent auto-exploring this place.
 F = Levels seen in this place.
 G = Mean time per level.
                   A        B        C        D        E       F      G
               +--------+--------+--------+--------+--------+-----+--------+
         Total |   1069 |   1069 |      0 |    768 |     56 |   1 | 1069.0 |
       Dungeon |   1069 |   1069 |      0 |    768 |     56 |   1 | 1069.0 |
               +--------+--------+--------+--------+--------+-----+--------+

Top non-repeatable levels by time:
       D: 1069 daAuts
